 Dungeon Crawl Stone Soup version 0.22.0-25-g7663229ff0 (webtiles) character file.

2664 MirrMurr the Nimble (level 9, -3/70 HPs)
             Began as a Spriggan Fighter on Aug 21, 2018.
             Was a Priest of Okawaru.
             Slain by an orc warrior
             ... wielding a +0 halberd
              (9 damage)
             ... on level 7 of the Dungeon.
             The game lasted 00:15:55 (10055 turns).

MirrMurr the Nimble (Spriggan Fighter)             Turns: 10055, Time: 00:15:56

Health: -3/70      AC: 24    Str: 15    XL:     9   Next: 36%
Magic:  0/13       EV:  4    Int: 10    God:    Okawaru [***...]
Gold:   296        SH:  7    Dex: 15    Spells: 8/8 levels left

rFire    . . .     SeeInvis +   a - +0 rapier
rCold    . . .     Gourm    .   f - +0 buckler
rNeg     + + +     Faith    .   (armour currently unavailable)
rPois    +         Spirit   +   (helmet currently unavailable)
rElec    .         Reflect  .   (cloak currently unavailable)
rCorr    .         Harm     .   (gloves unavailable)
MR       +....     NoTele   +   (boots unavailable)
Stlth    +.........             m - amulet of guardian spirit
HPRegen  0.21/turn              (no ring)
MPRegen  0.13/turn              (no ring)

@: lethally poisoned (-3 -> -5), tree-form
A: very small, unfitting armour, see invisible, herbivore, slow metabolism 2
a: Heroism, Renounce Religion


You were on level 7 of the Dungeon.
You worshipped Okawaru.
Okawaru was most pleased with you.
You were not hungry.
You were a tree.
You visited 1 branch of the dungeon, and saw 7 of its levels.

You collected 368 gold pieces.
You spent 72 gold pieces at shops.

Inventory:

Hand Weapons
 a - a +0 rapier (weapon)
 b - a +0 hunting sling
 w - a +0 dagger of venom
 A - a +1 long sword of venom
 F - a +0 fustibalus
Missiles
 j - 181 stones (quivered)
 n - 14 bolts
 q - 18 sling bullets
 t - 5 needles of sleeping
 y - 4 tomahawks
 C - 22 poisoned needles
Armour
 f - a +0 buckler (worn)
 h - a +0 robe (melded)
 o - a +0 cloak (melded)
Jewellery
 m - an amulet of guardian spirit (around neck)
Wands
 e - a wand of flame (14)
 B - a wand of acid (6)
 G - a wand of iceblast (7)
Scrolls
 g - 3 scrolls of amnesia {unknown}
 i - 2 scrolls of enchant armour {unknown}
 k - 6 scrolls of teleportation
 r - 3 scrolls of remove curse
 x - a scroll of blinking {unknown}
 z - a scroll of random uselessness {unknown}
 E - a scroll of noise {unknown}
Potions
 d - a potion of might
 l - a potion of agility
 p - a potion of mutation {unknown}
 s - a potion of berserk rage
 u - a potion of haste
 v - 2 potions of resistance
 D - a potion of lignification
 H - a potion of flight {unknown}
 I - a potion of ambrosia {unknown}
Comestibles
 c - 9 rations


   Skills:
 + Level 5.0 Fighting
 * Level 8.7 Short Blades
 + Level 8.9 Dodging
 + Level 4.6 Shields
 + Level 4.1 Invocations


You had 8 spell levels left.
You didn't know any spells.
Your spell library was empty.

Dungeon Overview and Level Annotations

Branches:
Dungeon (7/15)
 Temple: D:4-7

Altars:
Elyvilon
Kikubaaqudgha
Nemelex Xobeh
Okawaru
Sif Muna
Vehumet
Wu Jian
Xom
Yredelemnul
Zin
The Shining One

Shops:
D:4 ?

Annotations:
D:7 Prince Ribbit


Innate Abilities, Weirdness & Mutations

You are very small and have problems with some larger weapons.
You are too small for most types of armour.
You have supernaturally acute eyesight. (SInv)
You are a herbivore.
((You cover ground extremely quickly.))
You need to consume almost no food.


Message History

a chain mail; an orc corpse The orc warrior barely misses you.
You closely miss the orc warrior.
You feel sick.
You closely miss the orc warrior. The orc warrior misses you.
You puncture the orc warrior!
The orc warrior is moderately wounded.
You feel sick.
The orc warrior hits you with a halberd!!
* * * LOW HITPOINT WARNING * * *
You hit the orc warrior but do no damage.
The orc warrior is moderately wounded.
You hit the orc warrior but do no damage.
The orc warrior is moderately wounded.
* * * LOW HITPOINT WARNING * * *
You feel sick. You block the orc warrior's attack.
It was a potion of lignification.
You turn into a tree.
Your +0 cloak melds into your body.
Your +0 robe melds into your body.
Your roots penetrate the ground.
The orc warrior hits you with a halberd!
You die...

.. ....#..## ......##.... .....
........ ......#.... .....
#...#..# ...........
.....##.#.#..###########........
............................)..
...............................
#....##.#..)..# ###...).###
#...).....#<#.######...).###
#(........o♣......##......#.
######.................##....÷.#.
.......................##......#.
...............#'#.#............#
................................#
.................................
............................#....
...........†................#....
............................#....


You could see an orc warrior.

Vanquished Creatures
  Joseph (D:7)
  A hippogriff (D:7)
  Grinder (D:5)
  A spriggan (D:7)
  A hungry ghost (D:7)
  A water moccasin (D:5)
  Duvessa (D:7)
  A sky beast (D:5)
  2 phantoms
  An ogre (D:4)
  3 centaurs
  Blork the orc (D:5)
  2 bullfrogs (D:7)
  Dowan (D:7)
  A scorpion (D:4)
  3 howler monkeys
  A hound (D:4)
  2 orc priests (D:4)
  An orc wizard (D:7)
  An iguana (D:7)
  4 worker ants
  A hound zombie (D:7)
  A hound skeleton (D:5)
  Robin (D:4)
  3 gnolls (D:2)
  6 adders
  A shadow imp (D:5)
  An ooze (D:3)
  An adder skeleton (D:4)
  3 dart slugs (D:3)
  4 leopard geckos
  13 orcs
  9 ball pythons
  11 bats
  3 giant cockroaches
  22 goblins
  12 hobgoblins
  15 jackals
  4 kobolds
  4 quokkas
  2 frilled lizards
  A leopard gecko zombie (D:5)
  5 rats
154 creatures vanquished.

Notes
Turn   | Place    | Note
-------+----------+-------------------------------------------
     0 | D:1      | MirrMurr the Spriggan Fighter began the quest for the Orb.
     0 | D:1      | Reached XP level 1. HP: 11/11 MP: 2/2
   233 | D:1      | Reached XP level 2. HP: 16/16 MP: 3/3
   907 | D:1      | Reached XP level 3. HP: 19/19 MP: 4/4
  1052 | D:2      | Found a basalt altar of Yredelemnul.
  1054 | D:2      | Found a deep blue altar of Sif Muna.
  1055 | D:2      | Found an ancient bone altar of Kikubaaqudgha.
  1373 | D:2      | Reached skill level 5 in Dodging
  1942 | D:3      | Reached XP level 4. HP: 23/23 MP: 5/5
  2863 | D:3      | Found a glowing silver altar of Zin.
  2864 | D:3      | Found a glowing golden altar of the Shining One.
  2865 | D:3      | Found a white marble altar of Elyvilon.
  2879 | D:3      | Found an ornate altar of the Wu Jian Council.
  2881 | D:3      | Found a shimmering altar of Xom.
  2881 | D:3      | Found a sacrificial altar of Ru.
  2883 | D:3      | Found a bloodstained altar of Trog.
  2883 | D:3      | Found a deep blue altar of Sif Muna.
  2883 | D:3      | Found a shimmering altar of Xom.
  3413 | D:3      | Reached XP level 5. HP: 28/28 MP: 6/6
  4015 | D:4      | Noticed an ogre
  4037 | D:4      | Killed an ogre
  4037 | D:4      | Reached XP level 6. HP: 32/32 MP: 7/7
  4158 | D:4      | Reached skill level 5 in Short Blades
  5248 | D:4      | Found an iron altar of Okawaru.
  5256 | D:4      | Became a worshipper of Warmaster Okawaru
  5362 | D:4      | Reached XP level 7. HP: 36/36 MP: 8/8
  5492 | D:4      | Found Yfup's Magic Scroll Emporium.
  5496 | D:4      | Bought a scroll of remove curse for 36 gold pieces
  5496 | D:4      | Bought a scroll of teleportation for 36 gold pieces
  5905 | D:4      | Noticed Robin
  5958 | D:4      | Killed Robin
  6933 | D:4      | Found a radiant altar of Vehumet.
  7201 | D:5      | Entered Level 5 of the Dungeon
  7220 | D:5      | Found a sparkling altar of Nemelex Xobeh.
  7230 | D:5      | Found an ornate altar of the Wu Jian Council.
  7291 | D:5      | Reached skill level 1 in Invocations
  7484 | D:5      | Noticed Blork the orc
  7505 | D:5      | Killed Blork the orc
  7505 | D:5      | Reached * piety under Okawaru
  7890 | D:5      | Noticed Grinder
  7920 | D:5      | Reached XP level 8. HP: 26/42 MP: 6/10
  7958 | D:5      | Killed Grinder
  9048 | D:7      | Noticed a hippogriff
  9066 | D:7      | HP: 1/42 [hippogriff (5)]
  9088 | D:7      | Killed a hippogriff
  9088 | D:7      | Reached ** piety under Okawaru
  9300 | D:7      | Noticed Joseph
  9320 | D:7      | Killed Joseph
  9384 | D:7      | Noticed Duvessa
  9429 | D:7      | Killed Duvessa
  9429 | D:7      | Reached XP level 9. HP: 25/46 MP: 8/12
  9454 | D:7      | Noticed Dowan
  9480 | D:7      | Killed Dowan
  9889 | D:7      | Reached *** piety under Okawaru
  9944 | D:7      | Reached skill level 5 in Fighting
  9953 | D:7      | Noticed Prince Ribbit
 10055 | D:7      | Slain by an orc warrior

Skill      XL: |  1  2  3  4  5  6  7  8  9 |
---------------+----------------------------+-----
Short Blades   | 3 4 5 6 8 |  8.7
Dodging        | 5 6 7 8 |  8.9
Fighting       | 3 4 5 |  5.0
Shields        | 3 4 |  4.6
Invocations    | 2 3 4 |  4.1

Action                   |  1- 3 |  4- 6 |  7- 9 || total
-------------------------+-------+-------+-------++-------
Melee: Rapier            |   165 |   190 |   444 ||   799
 Fire: Hunting sling     |       |    74 |    87 ||   161
Invok: Heroism           |       |       |     6 ||     6
  Use: Scroll            |       |     2 |     7 ||     9
       Potion            |       |       |     4 ||     4
 Stab: Sleeping          |     2 |     2 |     1 ||     5
  Eat: Ration            |       |     1 |     4 ||     5
Armor: Robe              |    16 |    17 |    18 ||    51
Dodge: Dodged            |   133 |   153 |   327 ||   613
Block: Buckler           |    48 |    60 |   121 ||   229
